[Event "*** Titled Tuesday Blitz"]
[Site "Chess.com"]
[Date "2021.04.20"]
[Round "2"]
[White "Korchmar_Vasiliy"]
[Black "MVM2008"]
[Result "1-0"]
[WhiteElo "2623"]
[BlackElo "2153"]
[TimeControl "180+1"]
[EndTime "10:17:34 PDT"]
[Termination "Korchmar_Vasiliy won by checkmate"]

1. d4 d5 2. Nf3 e6 3. Bf4 Bd6 4. Bg3 Bxg3 5. hxg3 Nf6 6. e3 Nbd7 7. Nbd2 c5 8. c3 a6 9. Bd3 Qe7 10. Ne5 Nxe5 11. dxe5 Nd7 12. f4 f6 13. Qh5+ Kd8 14. O-O-O f5 15. g4 g6 16. Qh3 b5 17. gxf5 gxf5 18. g4 c4 19. Bc2 b4 20. Qh4 Qxh4 21. Rxh4 fxg4 22. Rxg4 bxc3 23. bxc3 Nc5 24. Nf3 Ra7 25.
Nd4 Rf7 26. Rh1 Bd7 27. Kd2 h5 28. Rg5 h4 29. Rg4 h3 30. Rg3 Ba4 31. Bxa4 Nxa4 32. Nxe6+ Ke7 33. Ng5 Rg7 34. Rgxh3 Rb8 35. Rh7 Rxh7 36.
Rxh7+ Kd8 37. e6 Rb2+ 38. Kc1 Rg2 39. Rd7+ Ke8 40. Nf7 Nxc3 41. Nd6+ Kf8 42. e7+ Kg8 43. e8=Q# 1-0

[Event "*** Titled Tuesday Blitz"]
[Site "Chess.com"]
[Date "2021.04.20"]
[Round "2"]
[White "TimofeevAr"]
[Black "Fh2411"]
[Result "1/2-1/2"]
[WhiteElo "2832"]
[BlackElo "2577"]
[TimeControl "180+1"]
[EndTime "10:17:35 PDT"]
[Termination "Game drawn by repetition"]

1. c4 c6 2. b3 d5 3. Bb2 Bf5 4. d3 e6 5. Nd2 Nf6 6. g3 h6 7. Bg2 Bc5 8. Ngf3 O-O 9. O-O Nbd7 10. a3 a5 11. Nd4 Bg6 12. Nc2 Qb6 13. Bc3 d4 14. Bb2 e5 15. Rb1 Qc7 16. b4 axb4 17.
axb4 Be7 18. c5 Nd5 19. Nc4 b6 20. Bxd5 cxd5 21. Nxb6 Nxb6 22. cxb6 Qxb6 23. f4 f6 24. Qd2 Bd6 25. Ra1 Rfc8 26. fxe5 fxe5 27. Kg2 Be7 28. h4 Qe6 29. Ne1 Bf6 30. Nf3 Rab8 31. Ra5 Bf5 32. Kh2 Bh3 33. Rc1 Bg4 34. Rac5 Rxc5 35. bxc5 Qf5 36. c6 Bxf3 37. exf3 Qxf3 38. c7 Rc8 39. Ba3 e4 40. Bd6 e3 41. Qg2 Qxg2+ 42. Kxg2 Kf7 43. h5 Ke6 44. Bf4 Kd7 45. Kf3 Be7 46. Be5 Bf6 47. Bf4 Be7 48. Be5 Bf6 49. Bf4 1/2-1/2

[Event "*** Titled Tuesday Blitz"]
[Site "Chess.com"]
[Date "2021.04.20"]
[Round "2"]
[White "ZeZacarias"]
[Black "Marty435"]
[Result "0-1"]
[WhiteElo "2143"]
[BlackElo "2619"]
[TimeControl "180+1"]
[EndTime "10:17:35 PDT"]
[Termination "Marty435 won by resignation"]

1. d4 d5 2. c4 c6 3. Nc3 Nf6 4. e3 e6 5. Nf3 Nbd7 6. Qc2 Bd6 7.
b3 O-O 8. Be2 b6 9. O-O Bb7 10.
Bb2 Qe7 11. Rad1 Rad8 12. Rfe1 Rfe8 13. Bf1 c5 14. cxd5 exd5 15. g3 a6 16. Nh4 g6 17.
dxc5 bxc5 18. Bg2 Nb6 19. Nf3 Nbd7 20. Nh4 Nb6 21. Nf3 Bb8 22. Ne2 Ne4 23. Nd2 Nf6 24. Nc4 dxc4 25. Bxb7 Rxd1 26. Rxd1 cxb3 27. Qc3 Na4 28.
Qxf6 Nxb2 29. Qxb2 Qxb7 30. axb3 c4 31. b4 Be5 32.
Nd4 Rb8 33. Rb1 Qb6 34. Qc3 Rc8 35. f4 Bf6 36. Rd1 Qb7 37. e4 Qxe4 38. Nf3 Bxc3 0-1

[Event "*** Titled Tuesday Blitz"]
[Site "Chess.com"]
[Date "2021.04.20"]
[Round "2"]
[White "Andrakhanova"]
[Black "Das_Virus_2020"]
[Result "1-0"]
[WhiteElo "2318"]
[BlackElo "2479"]
[TimeControl "180+1"]
[EndTime "10:17:35 PDT"]
[Termination "Andrakhanova won by resignation"]

1. c4 Nf6 2. Nc3 c5 3. g3 g6 4. Bg2 Bg7 5. e3 O-O 6. Nge2 d6 7. O-O Nbd7 8. d4 a6 9. b3 Rb8 10. a4 b6 11. Bb2 Bb7 12. d5 Bc8 13. Qc2 e5 14. dxe6 fxe6 15. Rad1 Qe7 16. Ne4 Nxe4 17. Bxe4 Nf6 18. Bg2 Bb7 19. Rd2 Bxg2 20. Kxg2 Rbd8 21. Rfd1 Rd7 22. h4 Rfd8 23. Nf4 b5 24. cxb5 axb5 25. axb5 d5 26. Rc1 Rc8 27. Qd3 Ne4 28. Rdc2 Bxb2 29. Rxb2 Rb7 30. f3 Nf6 31. Rbc2 Rd7 32. Qc3 e5 33. Nd3 e4 34. Nxc5 exf3+ 35. Kg1 Rdc7 36. b4 Ne4 37. Qd4 Nxg3 38. Qxd5+ Qf7 39. Qxf7+ Kxf7 40. b6 Rc6 41. b7 Rb8 42. Kf2 Rxc5 43. bxc5 Ne4+ 44. Kxf3 Nf6 45. c6 1-0

[Event "*** Titled Tuesday Blitz"]
[Site "Chess.com"]
[Date "2021.04.20"]
[Round "2"]
[White "crescentmoon2411"]
[Black "manitodeplomo"]
[Result "0-1"]
[WhiteElo "2820"]
[BlackElo "2578"]
[TimeControl "180+1"]
[EndTime "10:17:36 PDT"]
[Termination "manitodeplomo won on time"]

1. e4 e6 2. d4 d5 3. Nc3 Bb4 4. exd5 Qxd5 5. Nf3 Nf6 6. Bd2 Bxc3 7. Bxc3 O-O 8. Bd3 b6 9. O-O Ba6 10. Re1 Rd8 11.
Bxa6 Nxa6 12. Qe2 Qb7 13. Ne5 c5 14. Rad1 Rd5 15. Nf3 Rad8 16. dxc5 Nxc5 17. Bxf6 gxf6 18. h3 Kf8 19. b4 Rxd1 20. Rxd1 Rxd1+ 21. Qxd1 Ne4 22. c4 Ke7 23. Qd3 f5 24. Kf1 a5 25. b5 Qc7 26.
Qd4 Qf4 27. Qe3 Qd6 28. Nd4 Qc5 29. Qd3 Nd6 30. Nc6+ Kd7 31. Ke2 Kc7 32. Nd4 Qxc4 33. Qxc4+ Nxc4 34. Kd3 Ne5+ 35. Ke3 Kd6 36. f4 Nc4+ 37.
Kd3 Kc5 38. a4 Nb2+ 0-1

[Event "*** Titled Tuesday Blitz"]
[Site "Chess.com"]
[Date "2021.04.20"]
[Round "2"]
[White "maximych26"]
[Black "ural58"]
[Result "1-0"]
[WhiteElo "2282"]
[BlackElo "2453"]
[TimeControl "180+1"]
[EndTime "10:17:36 PDT"]
[Termination "maximych26 won on time"]

1. e4 d5 2. Nc3 d4 3. Nce2 c5 4.
d3 Nc6 5. f4 e5 6. Nf3 exf4 7.
Nxf4 Bd6 8. Be2 Nf6 9. O-O O-O 10. Qe1 Qc7 11. Qh4 h6 12. Nh5 Nxh5 13. Qxh5 Ne5 14.
Nh4 Re8 15. Bd2 Bf8 16. Bd1 g6 17. Qe2 Kg7 18. Qf2 Qc6 19. Bf4 Ng4 20. Bxg4 Bxg4 21.
Be5+ f6 22. Bxf6+ Kh7 23. h3 Bd7 24. Qg3 g5 25. Bxg5 hxg5 26. Qxg5 Qh6 27. Rf7+ Bg7 28. Qxh6+ Kxh6 29. Rxd7 Bf6 30. Nf5+ Kg6 31. Rxb7 c4 32.
Rf1 cxd3 33. cxd3 Rec8 34. Rf2 Rc1+ 35. Kh2 Be5+ 36. g3 Rac8 37. Ne7+ Kh6 38. Nxc8 Rxc8 39.
Rxa7 Rg8 40. Ra6+ Kh7 41. Rf3 Rc8 42. h4 Rc2+ 43. Kh3 Rxb2 44. Ra5 Bg7 45. Rf7 Kg6 46. Rc7 1-0

[Event "*** Titled Tuesday Blitz"]
[Site "Chess.com"]
[Date "2021.04.20"]
[Round "2"]
[White "esrosenberg"]
[Black "JoseRemolar"]
[Result "0-1"]
[WhiteElo "2199"]
[BlackElo "2430"]
[TimeControl "180+1"]
[EndTime "10:17:36 PDT"]
[Termination "JoseRemolar won on time"]

1. Nf3 Nf6 2. c4 g6 3. Nc3 d6 4. d4 Bg7 5. e4 O-O 6. h3 e5 7.
dxe5 dxe5 8. Qxd8 Rxd8 9. Bg5 Na6 10. Nd5 Rd6 11. Bxf6 Bxf6 12. Rc1 Bd8 13. c5 Re6 14. h4 c6 15. Ne3 Ba5+ 16. Nd2 Re8 17. a3 Bxd2+ 18.
Kxd2 Be6 19. b4 Nc7 20. h5 Red8+ 21. Ke1 a5 22. Nc4 Bxc4 23. Bxc4 axb4 24. axb4 Rd4 25. f3 Ra4 26. hxg6 hxg6 27. Bxf7+ Kg7 28. b5 Nxb5 29. Be6 Rab4 30. Kf2 Rb2+ 31. Kg3 Rdd2 32. Rh2 Nd4 33. Bc4 Rf2 34. Rch1 Kf6 35. Kh3 Rbc2 36. Bf1 Ne6 37. g3 Ng5+ 0-1

[Event "*** Titled Tuesday Blitz"]
[Site "Chess.com"]
[Date "2021.04.20"]
[Round "2"]
[White "MikeSailer"]
[Black "Taktikmonster"]
[Result "0-1"]
[WhiteElo "2169"]
[BlackElo "2417"]
[TimeControl "180+1"]
[EndTime "10:17:36 PDT"]
[Termination "Taktikmonster won by checkmate"]

1. d4 Nf6 2. Nf3 e6 3. Bf4 c5 4.
e3 b6 5. Be2 Bb7 6. O-O Be7 7.
c4 O-O 8. Nc3 cxd4 9. exd4 d6 10. a4 Nc6 11. h3 Re8 12. Re1 h6 13. d5 exd5 14. cxd5 Nb4 15. Bc4 Rc8 16. Bb3 Bf8 17.
Rxe8 Qxe8 18. a5 Ne4 19. axb6 axb6 20. Nb5 Qxb5 21. Qd4 Nf6 22. Ba4 Qc4 23. Qxb6 Qxf4 24. Qxb7 Rc1+ 25. Rxc1 Qxc1+ 26. Kh2 Qxb2 27. Bc6 Qc3 28.
Qa8 Qc5 29. Kg1 Nbxd5 30. Nh4 Nf4 31. g3 Nxh3+ 32. Kh2 Nxf2 33. Nf5 N2g4+ 34. Kh3 Qxf5 35. Be4 Qh5+ 36. Kg2 Qh2+ 37. Kf3 Qf2# 0-1

[Event "*** Titled Tuesday Blitz"]
[Site "Chess.com"]
[Date "2021.04.20"]
[Round "2"]
[White "Nf3c5"]
[Black "HrvojeZagreb"]
[Result "1-0"]
[WhiteElo "2642"]
[BlackElo "2265"]
[TimeControl "180+1"]
[EndTime "10:17:37 PDT"]
[Termination "Nf3c5 won by checkmate"]

1. d4 e6 2. Bf4 f5 3. e3 b6 4. h3 Bb7 5. Nf3 Nf6 6. Be2 Bd6 7.
Bxd6 cxd6 8. c4 O-O 9. Nc3 a6 10. Qb3 Ne4 11. Rd1 Nxc3 12. bxc3 Nc6 13. c5 Na5 14. Qxb6 Qxb6 15. cxb6 Bd5 16. Nd2 Rfc8 17. Rc1 Bxg2 18. Rg1 Bxh3 19. f3 f4 20. e4 d5 21.
Rh1 Bg2 22. Rh2 dxe4 23. Rxg2 e3 24. Ne4 Nc4 25. b7 d5 26. bxc8=Q+ Rxc8 27. Bxc4 Rxc4 28. Ng5 Rc6 29. Nh3 e5 30. dxe5 d4 31. Ke2 Rb6 32. Rc2 dxc3 33. Nxf4 Rb2 34. Kd3 Rxc2 35. Rxc2 g5 36. Nd5 h5 37. Nxe3 Kf7 38. Rxc3 Kg6 39. Ke4 h4 40. Rc6+ Kh5 41. Kf5 h3 42. Ng4 h2 43. Rh6# 1-0

[Event "*** Titled Tuesday Blitz"]
[Site "Chess.com"]
[Date "2021.04.20"]
[Round "2"]
[White "stanyga"]
[Black "A-S-00"]
[Result "1-0"]
[WhiteElo "2619"]
[BlackElo "2330"]
[TimeControl "180+1"]
[EndTime "10:17:38 PDT"]
[Termination "stanyga won on time"]

1. e4 c5 2. Nf3 Nc6 3. d4 cxd4 4. Nxd4 Nf6 5. Nc3 e6 6. Nxc6 bxc6 7. e5 Nd5 8. Ne4 Qc7 9. f4 Qb6 10. c4 Ne3 11.
Qd3 Bb4+ 12. Ke2 Nxc4 13. Kf3 Ba6 14. Qc2 d5 15. exd6 Nxd6 16. Be3 Qb7 17. Bxa6 Qxa6 18. Nc5 Qc4 19. Qxc4 Nxc4 20. Na6 Bd6 21. Bd4 O-O 22. Rac1 Na5 23. b4 Nb7 24. Rxc6 Rac8 25. Rhc1 Rcd8 26.
Bxa7 g6 27. Bb6 Rd7 28. b5 e5 29. fxe5 Bxe5 30. Rc8 Rxc8 31. Rxc8+ Kg7 32. a4 Nd6 33. Nc5 1-0

[Event "*** Titled Tuesday Blitz"]
[Site "Chess.com"]
[Date "2021.04.20"]
[Round "2"]
[White "suyu28"]
[Black "FairChess_on_YouTube"]
[Result "0-1"]
[WhiteElo "2606"]
[BlackElo "3018"]
[TimeControl "180+1"]
[EndTime "10:17:39 PDT"]
[Termination "FairChess_on_YouTube won on time"]

1. Nf3 Nf6 2. d4 d5 3. c4 e6 4. Nc3 Nbd7 5. cxd5 exd5 6. Bf4 c6 7. e3 Nh5 8. Bg5 Qb6 9. Qc2 h6 10. Bh4 g5 11.
Bg3 Nxg3 12. hxg3 Bg7 13. Bd3 Nf6 14. Ne5 Ng4 15. Nxg4 Bxg4 16. O-O Be6 17. Na4 Qc7 18. Nc5 Qe7 19. b4 h5 20. b5 h4 21. bxc6 bxc6 22. Rab1 hxg3 23. Rb7 Qd6 24. fxg3 O-O 25. Qf2 Rab8 26.
Rxa7 Ra8 27. Rxa8 Rxa8 28. a4 Qe7 29. Qf3 Bc8 30. Kh2 Ra7 31. Rb1 Qd6 32. Qh5 Bh6 33. Rf1 Kg7 34. Bf5 Ba6 35. Rf2 Re7 36. Bg4 Bc4 37.
Ne6+ fxe6 38. Bd1 Bd3 39. Qg4 Bf5 40. Qf3 g4 41. Qe2 Bg5 42. Bc2 Kg6 0-1

[Event "*** Titled Tuesday Blitz"]
[Site "Chess.com"]
[Date "2021.04.20"]
[Round "2"]
[White "poppy73"]
[Black "Nikolaj_6"]
[Result "0-1"]
[WhiteElo "2214"]
[BlackElo "2628"]
[TimeControl "180+1"]
[EndTime "10:17:39 PDT"]
[Termination "Nikolaj_6 won on time"]

1. e4 c5 2. Nf3 d6 3. d4 cxd4 4. Nxd4 Nf6 5. Nc3 a6 6. Be2 e5 7.
Nf3 h6 8. Nd2 Be7 9. Nc4 b5 10.
Ne3 O-O 11. a4 b4 12. Ncd5 Be6 13. O-O a5 14. Nxf6+ Bxf6 15. Bc4 Nc6 16. Bd5 Rc8 17. c3 bxc3 18. bxc3 Bg5 19. Nc4 Bxd5 20. Qxd5 Bxc1 21.
Raxc1 Ne7 22. Qd3 Qc7 23. Ne3 Qc6 24. Rfd1 Rfd8 25. Qb5 Qxe4 26. Qxa5 Ra8 27. Qc7 Nf5 28. Nxf5 Qxf5 29. a5 d5 30. a6 Qe6 31. a7 Qd7 32.
Qxd7 Rxd7 33. Ra1 Rdxa7 34. Rxa7 Rxa7 35. Kf1 Ra5 36. Ke2 Kf8 37. Ke3 Ke7 38. f4 f6 39.
fxe5 fxe5 40. Kd3 Ke6 41. Rf1 Ra2 42. Rg1 e4+ 43. Ke3 Ke5 44. h4 Rc2 0-1

[Event "*** Titled Tuesday Blitz"]
[Site "Chess.com"]
[Date "2021.04.20"]
[Round "2"]
[White "bazar-wokzal"]
[Black "zmeeed67"]
[Result "1/2-1/2"]
[WhiteElo "2703"]
[BlackElo "2491"]
[TimeControl "180+1"]
[EndTime "10:17:41 PDT"]
[Termination "Game drawn by repetition"]

1. e4 c5 2. c3 Nf6 3. e5 Nd5 4. d4 cxd4 5. cxd4 e6 6. Nc3 Nxc3 7. bxc3 d6 8. f4 Nd7 9. Nf3 b6 10. Bd3 Bb7 11. O-O Be7 12. f5 exf5 13. Bxf5 dxe5 14. Bxd7+ Qxd7 15. Nxe5 Qd5 16. Qg4 f6 17. c4 Qxg2+ 18. Qxg2 Bxg2 19. Kxg2 fxe5 20. Re1 Kf7 21. Rxe5 Rac8 22. Bg5 Bf6 23. Bxf6 gxf6 24. Rd5 Rxc4 25. Rd7+ Ke6 26. Rxa7 Rxd4 27. Re1+ Kf5 28. Rb7 Rd2+ 29. Kf3 Ra8 30. Rxh7 Ra3+ 31. Re3 Rxe3+ 32. Kxe3 Rxa2 33.
Rb7 Ra3+ 34. Kf2 Rb3 35. Rf7 b5 36. h4 b4 37. h5 Rb2+ 38. Ke3 Rh2 39. Rb7 Rh3+ 40.
Kf2 Rxh5 41. Rb5+ Kg6 42. Rxb4 Rf5+ 43. Kg3 Rg5+ 44. Kf3 Rf5+ 45. Kg3 Rg5+ 46. Kf3 Rf5+ 47. Kg3 1/2-1/2

[Event "*** Titled Tuesday Blitz"]
[Site "Chess.com"]
[Date "2021.04.20"]
[Round "2"]
[White "Kolle05"]
[Black "AndrewMaco"]
[Result "0-1"]
[WhiteElo "2332"]
[BlackElo "2672"]
[TimeControl "180+1"]
[EndTime "10:17:41 PDT"]
[Termination "AndrewMaco won by resignation"]

1. e4 c5 2. Nf3 d6 3. Bb5+ Nd7 4. O-O Nf6 5. Re1 g6 6. c3 a6 7. Bf1 b5 8. d4 Bb7 9. e5 dxe5 10. dxe5 Ng4 11. e6 fxe6 12. Ng5 Ndf6 13. Qe2 Qd6 14. f4 c4 15. Nxe6 Qb6+ 16. Nd4 O-O-O 17. h3 Rxd4 18. cxd4 Qxd4+ 19. Kh1 h5 20. Be3 Nxe3 21. Qxe3 Qxe3 22. Rxe3 Nd5 23. Rg3 Nxf4 24. Nc3 Bg7 25. Re1 e5 26.
Ne2 Nd3 27. Rb1 Be4 28. Kg1 Bf5 29. Nc3 e4 30. Bxd3 cxd3 31. Kf2 Bd4+ 32. Ke1 h4 33.
Rg5 e3 34. Rd1 e2 35. Rd2 Re8 36. Rxf5 gxf5 37. Nxe2 Rxe2+ 38. Rxe2 dxe2 39. Kxe2 Bxb2 40. Kf3 Kd7 41. Kf4 Ke6 42. Kg5 Bf6+ 0-1

[Event "*** Titled Tuesday Blitz"]
[Site "Chess.com"]
[Date "2021.04.20"]
[Round "2"]
[White "Piotrek1979"]
[Black "Joseacorrea"]
[Result "1-0"]
[WhiteElo "2391"]
[BlackElo "2060"]
[TimeControl "180+1"]
[EndTime "10:17:41 PDT"]
[Termination "Piotrek1979 won by resignation"]

1. Nf3 d5 2. b3 e6 3. Bb2 f5 4.
c4 Nf6 5. g3 c6 6. Bg2 Bd6 7.
O-O O-O 8. d3 Nbd7 9. Nbd2 e5 10. cxd5 cxd5 11. e4 fxe4 12. dxe4 d4 13. Nc4 Bb8 14. Ba3 Re8 15. Nfd2 b5 16. Nd6 Bxd6 17. Bxd6 Qb6 18. Ba3 Bb7 19. Rc1 Rac8 20. Qe2 a5 21. Rxc8 Rxc8 22. Rc1 Rc3 23. Bb2 Rxc1+ 24. Bxc1 Qc5 25. Qd1 h5 26. Bh3 g5 27. Be6+ Kg7 28.
h3 Qc7 29. Nf3 Bxe4 30. Nxg5 Qc2 31. Qxc2 Bxc2 32. Bd2 d3 33. Bxa5 Nc5 34. Bf5 d2 35. Bxc2 e4 36. Bxd2 Nd3 37. Bc3 b4 38. Bxf6+ Kxf6 39. Nxe4+ Ke5 40. Bxd3 Kd4 41. Bb1 1-0

[Event "*** Titled Tuesday Blitz"]
[Site "Chess.com"]
[Date "2021.04.20"]
[Round "2"]
[White "woodhy"]
[Black "Rodalquilar"]
[Result "0-1"]
[WhiteElo "2478"]
[BlackElo "2709"]
[TimeControl "180+1"]
[EndTime "10:17:43 PDT"]
[Termination "Rodalquilar won by resignation"]

1. e4 d5 2. exd5 Qxd5 3. Nc3 Qa5 4. d4 Nf6 5. Bc4 Bg4 6. Ne2 Nc6 7. Be3 O-O-O 8. Qd2 e5 9. f3 Be6 10. Bxe6+ fxe6 11.
O-O-O exd4 12. Nxd4 Nxd4 13. Bxd4 e5 14. Bb6 Rxd2 15. Bxa5 Rxg2 16. Nd5 Nxd5 17. Rxd5 Bd6 18. Bc3 Re8 19. Kd1 e4 20. fxe4 Rxe4 21. Rd2 Reg4 22. h3 Rxd2+ 23. Kxd2 Rg2+ 24. Kd3 Kd7 25. Bd4 c5 26. Be3 b5 27. b3 Rg3 28. Ke2 Rg2+ 29. Kd3 Kc6 30. a4 a6 31. axb5+ axb5 32. c3 Be5 33. c4 b4 34. Ke4 Bf6 35. Rd1 Rb2 36. Rd5 Be7 37. Rd3 Rc2 38. Bd2 Bf6 39. Be3 Rh2 40. Bf4 Re2+ 41. Kf3 Rb2 42. Rd6+ Kb7 43.
Rd7+ Kb6 44. Rd6+ Ka5 45. Rc6 Rxb3+ 46. Ke4 Rxh3 47. Rxc5+ Ka4 48. Rb5 Rh4 49. Kf3 g5 50. Bd6 Rxc4 51. Rb6 g4+ 52. Kg3 h5 53. Bxb4 h4+ 54. Kg2 h3+ 55. Kf1 Rxb4 56. Rxf6 Rb1+ 57. Kf2 h2 58. Rf4+ Ka3 59. Rxg4 h1=Q 60. Rg3+ Rb3 0-1

[Event "*** Titled Tuesday Blitz"]
[Site "Chess.com"]
[Date "2021.04.20"]
[Round "2"]
[White "AniJak"]
[Black "sakkikuska"]
[Result "0-1"]
[WhiteElo "2284"]
[BlackElo "2476"]
[TimeControl "180+1"]
[EndTime "10:17:43 PDT"]
[Termination "sakkikuska won by resignation"]

1. e4 c5 2. Nc3 Nc6 3. g3 g6 4. Bg2 Bg7 5. d3 e5 6. Nh3 Nge7 7. O-O d6 8. f4 exf4 9. Bxf4 Ne5 10. Qd2 h5 11. Bg5 Be6 12. Nf4 Qd7 13. Ncd5 Nxd5 14.
Nxd5 Bxd5 15. exd5 O-O 16. Bh6 Rae8 17. h3 b6 18. Be4 Qxh3 19. Bf4 Qd7 20. Kg2 Ng4 21. c3 f5 22. Bf3 Bf6 23. Rae1 Rxe1 24. Rxe1 Re8 25.
Rxe8+ Qxe8 26. Bxd6 Ne3+ 27. Kf2 Bg5 28. Bf4 Bxf4 29.
gxf4 Ng4+ 30. Bxg4 hxg4 31. d4 c4 32. b3 b5 33.
bxc4 bxc4 34. Qb2 Qe4 35. Qb8+ Kh7 36. Qxa7+ Kh6 37. Qa8 Qxf4+ 38. Ke2 Qf3+ 39. Kd2 Qf2+ 40. Kc1 g3 41. Qh8+ Kg5 42. Qd8+ Kg4 43. Qf6 g5 0-1

[Event "*** Titled Tuesday Blitz"]
[Site "Chess.com"]
[Date "2021.04.20"]
[Round "2"]
[White "TigrVShlyape"]
[Black "elextranjero00"]
[Result "0-1"]
[WhiteElo "2811"]
[BlackElo "2570"]
[TimeControl "180+1"]
[EndTime "10:17:45 PDT"]
[Termination "elextranjero00 won on time"]

1. e4 c6 2. d4 d5 3. exd5 cxd5 4. Bd3 Nc6 5. c3 Nf6 6. Bf4 Bg4 7. Qb3 Qd7 8. Nd2 e6 9. Ngf3 Bxf3 10. Nxf3 Bd6 11.
Bxd6 Qxd6 12. O-O O-O 13. Rfe1 Qc7 14. a4 Rac8 15. Re2 Na5 16. Qc2 Nc4 17. Rae1 g6 18.
Qc1 Kg7 19. g3 Rb8 20. h4 a6 21. Ne5 b5 22. axb5 axb5 23. Qf4 Rfc8 24. g4 Nxe5 25.
dxe5 Nd7 26. h5 Qd8 27. Kg2 Qe7 28. Re3 g5 29. h6+ Kh8 30. Qf3 b4 31. Bb1 bxc3 32.
Rxc3 Qf8 33. Qd3 Qg8 34. Qd2 Rxc3 35. Qxc3 Rc8 36. Qd2 Nf8 37. b4 Ng6 38. Qxg5 Qd8 39. Qxd8+ Rxd8 0-1

[Event "*** Titled Tuesday Blitz"]
[Site "Chess.com"]
[Date "2021.04.20"]
[Round "2"]
[White "MMSANCHEZ"]
[Black "hansen"]
[Result "0-1"]
[WhiteElo "2548"]
[BlackElo "2826"]
[TimeControl "180+1"]
[EndTime "10:17:45 PDT"]
[Termination "hansen won by resignation"]

1. d4 Nf6 2. c4 e6 3. Nf3 d5 4.
Nc3 Bb4 5. Qb3 a5 6. Bg5 c6 7. e3 h6 8. Bh4 Nbd7 9. Bd3 dxc4 10. Bxc4 b5 11. Bd3 Nc5 12. dxc5 Qxd3 13. Bxf6 gxf6 14. Rd1 Qc4 15. Qxc4 bxc4 16. O-O Bxc3 17. bxc3 Ke7 18. Rd6 e5 19. Rxc6 Bd7 20. Rd6 Rhc8 21. Rfd1 Ba4 22.
R1d2 Rxc5 23. Nh4 e4 24. R6d5 Rxd5 25. Rxd5 Bd7 26. Rd4 f5 27. Rxc4 Be6 28. Rc5 Kd6 29.
Rb5 Bd7 30. Nxf5+ Kc7 31. Rc5+ Kb6 32. Rd5 Be6 33. Re5 Bxa2 34. Rxe4 Bb1 35. Re5 Bxf5 36. Rxf5 a4 37. Rd5 a3 38. Rd1 a2 39. Ra1 Kb5 40.
h4 Kc4 41. Kh2 Kxc3 42. Kg3 Kb2 43. Rxa2+ Kxa2 44. Kg4 Rg8+ 45. Kh5 Rxg2 46. Kxh6 Rxf2 47. e4 Rf4 48. e5 Rxh4+ 49. Kg7 Re4 50. Kf6 Re2 51.
Kf5 Kb3 52. Kf6 Kc4 0-1

[Event "*** Titled Tuesday Blitz"]
[Site "Chess.com"]
[Date "2021.04.20"]
[Round "2"]
[White "ffbp3q"]
[Black "Kildepiotr"]
[Result "1/2-1/2"]
[WhiteElo "2364"]
[BlackElo "2649"]
[TimeControl "180+1"]
[EndTime "10:17:45 PDT"]
[Termination "Game drawn - insufficient material"]

1. d4 c5 2. d5 e5 3. c4 d6 4.
Nc3 Be7 5. Nf3 a6 6. a4 b6 7.
g3 Bg4 8. Bg2 Bxf3 9. Bxf3 Bg5 10. e3 f5 11. h4 Bf6 12. e4 Ne7 13. O-O O-O 14. Rb1 Nd7 15. Qe2 Rb8 16. Bg2 Qe8 17.
Bd2 Qg6 18. exf5 Nxf5 19. Be4 Bxh4 20. Qd3 Bg5 21. Bxg5 Qxg5 22. Bxf5 Rxf5 23. Ne4 Qg6 24. Nxd6 Rxf2 25. Qxg6 Rxf1+ 26. Rxf1 hxg6 27. Rf7 Nf6 28. Re7 Rd8 29. Nb7 Rd7 30. Rxd7 Nxd7 31. Nd6 Kf8 32.
Kf2 Ke7 33. Ne4 Nf6 34. Ng5 Ne8 35. b3 Nd6 36. Ke3 b5 37. axb5 axb5 38. cxb5 Nxb5 39. Kd3 Nd6 40. Ke3 Nf5+ 41. Ke4 Nxg3+ 42. Kxe5 Nf5 43.
Ne4 Nd4 44. d6+ Kd8 45. Nxc5 Nc6+ 46. Ke6 Nd4+ 47. Kf7 g5 48. Kxg7 g4 49. Ne4 Nxb3 50.
Kf6 Kd7 51. Kf5 Nd4+ 52. Kxg4 Nb5 53. Kf4 Nxd6 1/2-1/2

[Event "*** Titled Tuesday Blitz"]
[Site "Chess.com"]
[Date "2021.04.20"]
[Round "2"]
[White "BahadirOzen"]
[Black "ZEN-22"]
[Result "1-0"]
[WhiteElo "2698"]
[BlackElo "2362"]
[TimeControl "180+1"]
[EndTime "10:17:45 PDT"]
[Termination "BahadirOzen won by checkmate"]

1. g3 h5 2. Nf3 Nc6 3. d4 d5 4. Bg2 Bg4 5. Nbd2 e6 6. c3 Be7 7. Qb3 a6 8. e4 dxe4 9. Nxe4 Rb8 10. O-O h4 11. Re1 hxg3 12. fxg3 Nf6 13. Nxf6+ gxf6 14. Bf4 b5 15. Rad1 Na5 16. Qc2 c6 17. Bxb8 Qxb8 18. Qe4 Bf5 19. Qe2 Qc7 20. Nh4 Bh7 21. b3 Nb7 22. c4 bxc4 23. bxc4 Nd8 24. d5 cxd5 25. cxd5 f5 26. Nf3 f4 27. g4 Bc5+ 28. Kh1 Be3 29. d6 Qa7 30. d7+ Kf8 31. Qb2 Kg8 32. Qf6 Qb8 33. Ne5 Qc7 34. Qg5+ Kf8 35. Qh6+ Kg8 36. Qg5+ Kf8 37. Bf3 Bc2 38. Rc1 Bxc1 39. Rxc1 Be4 40. Rxc7 Bxf3+ 41. Nxf3 f6 42. Qxf6+ Kg8 43. Qxd8+ Kh7 44.
Qh4+ Kg6 45. Qg5+ Kf7 46. d8=Q# 1-0

[Event "*** Titled Tuesday Blitz"]
[Site "Chess.com"]
[Date "2021.04.20"]
[Round "2"]
[White "dpopadic"]
[Black "Klavdia_Nik"]
[Result "1/2-1/2"]
[WhiteElo "2377"]
[BlackElo "2053"]
[TimeControl "180+1"]
[EndTime "10:17:45 PDT"]
[Termination "Game drawn by repetition"]

1. e4 g6 2. Nc3 Bg7 3. f4 d6 4. Nf3 c5 5. Bc4 Nc6 6. d3 Rb8 7. O-O e6 8. Qe1 Nd4 9. Nxd4 cxd4 10. Ne2 b5 11. Bb3 Ne7 12. Bd2 O-O 13. Qg3 a5 14. a4 b4 15. Kh1 d5 16. e5 Nf5 17.
Qf2 Qb6 18. Ng1 h5 19. Nf3 Bh6 20. Rfe1 Ne3 21. Ng5 Nf5 22. Qg1 Bxg5 23. fxg5 Kg7 24. Qf2 h4 25. Kg1 Bd7 26. Bf4 Rh8 27. Re2 Rbf8 28.
Rae1 Qd8 29. Kf1 Qe7 30. Qf3 Rc8 31. Qg4 Rc7 32. Kf2 Bc8 33. Kg1 Bd7 34. Rf2 Be8 35. Rff1 Rh5 36. Rf2 Qf8 37. Rff1 Qh8 38. Qf3 Qf8 39.
Qg4 Qe7 40. Rf2 Qd8 41. Qf3 Qe7 42. Qg4 1/2-1/2

[Event "*** Titled Tuesday Blitz"]
[Site "Chess.com"]
[Date "2021.04.20"]
[Round "2"]
[White "scarabee43"]
[Black "Jenia84"]
[Result "1/2-1/2"]
[WhiteElo "2649"]
[BlackElo "2396"]
[TimeControl "180+1"]
[EndTime "10:17:46 PDT"]
[Termination "Game drawn by repetition"]

1. d4 Nf6 2. c4 e6 3. Nf3 b6 4. a3 Bb7 5. Bf4 Be7 6. Nc3 d5 7. e3 O-O 8. Bd3 dxc4 9. Bxc4 c5 10. O-O cxd4 11. exd4 Nc6 12. Ba2 Rc8 13. Re1 Na5 14. Ne5 Nd5 15. Bd2 Nxc3 16. bxc3 Bd5 17. Qg4 Bxa2 18. Rxa2 Nc4 19. Bh6 Bf6 20. Rae2 Kh8 21.
Bc1 Be7 22. Qh3 Nxe5 23. Rxe5 g6 24. d5 Bf6 25. Bh6 Bxe5 26. Bxf8 Qxf8 27. Rxe5 Qxa3 28.
g3 Qxc3 29. Re3 Qc1+ 30. Kg2 exd5 31. Qd7 Kg7 32. Re7 Rf8 33. Qxd5 Qc3 34. Rxa7 Qc5 35.
Qf3 b5 36. Rb7 b4 37. h4 Qc3 38. Qe4 Rc8 39. h5 Qc6 40. Qxc6 Rxc6 41. hxg6 hxg6 42. Rxb4 Rf6 43. Rg4 Re6 44. Rf4 Rf6 45. Rg4 Re6 46.
Rf4 Rf6 47. Rg4 1/2-1/2

[Event "*** Titled Tuesday Blitz"]
[Site "Chess.com"]
[Date "2021.04.20"]
[Round "2"]
[White "Steegersee"]
[Black "rynos0411"]
[Result "0-1"]
[WhiteElo "2215"]
[BlackElo "2441"]
[TimeControl "180+1"]
[EndTime "10:17:46 PDT"]
[Termination "rynos0411 won on time"]

1. c4 Nf6 2. Nf3 g6 3. b3 Bg7 4. Bb2 O-O 5. e3 d6 6. d4 Nc6 7. Be2 e5 8. O-O Bf5 9. Nc3 Re8 10. d5 Ne7 11. Nd2 Bc8 12. e4 Nd7 13. b4 f5 14.
Nb3 f4 15. c5 g5 16. c6 bxc6 17. dxc6 Nf6 18. Bc4+ Kh8 19. Nd5 Nxe4 20. Na5 Nxd5 21. Bxd5 Nf6 22. Nb7 Qe7 23. f3 g4 24. Re1 Rb8 25. Bd4 Bxb7 26. Bxa7 Ra8 27. cxb7 Rxa7 28. fxg4 e4 29. Bc6 Rb8 30. a4 e3 31. b5 Nd7 32.
Rc1 Nc5 33. Qf3 Nd3 34. Rcd1 Nxe1 35. Rxe1 Rxa4 36. g3 Ra1 37. Rxa1 Bxa1 38. Kg2 e2 39. Qa3 e1=Q 40. Kh3 fxg3 41. g5 Q1e6+ 0-1